 Dungeon Crawl Stone Soup version 0.31-a0-267-g3fc6992b3b (webtiles) character file.

Game seed: 514550906517491451

84 qw the Shooter (level 4, -3/36 HPs)
             Began as a Minotaur Hexslinger on July 14, 2023.
             Slain by an ogre
             ... wielding a +0 giant club
              (22 damage)
             ... on level 3 of the Dungeon.
             The game lasted 00:00:49 (2120 turns).

qw the Shooter (Minotaur Hexslinger)                Turns: 2120, Time: 00:00:50

Health: -3/36      AC:  5    Str: 12    XL:     4   Next: 24%
Magic:  4/4        EV: 11    Int: 10    God:
Gold:   138        SH:  0    Dex: 15    Spells: 4/5 levels left

rFire   . . .        Y - +1 sling
rCold   . . .        (no shield)
rNeg    . . .        j - +0 ring mail
rPois   .            (helmet restricted)
rElec   .            (no cloak)
rCorr   .            (no gloves)
SInv    .            (no boots)
Will    .....        (no amulet)
Stlth   +            (no ring)
HPRegen 0.26/turn    (no ring)
MPRegen 0.09/turn

%: no passive effects
@: no status effects
A: horns 2, retaliatory headbutt
a: no special abilities


You were on level 3 of the Dungeon.
You visited 1 branch of the dungeon, and saw 3 of its levels.

You collected 138 gold pieces.


Innate Abilities, Weirdness & Mutations

You have a pair of horns on your head.
You reflexively headbutt those who attack you in melee.


   Skills:
 - Level 2.0 Fighting
 + Level 4.6 Ranged Weapons
 - Level 1.0 Armour
 - Level 2.1 Dodging
 - Level 1.0 Spellcasting
 - Level 2.0 Hexes


You had 4 spell levels left.
You knew the following spells:

 Your Spells              Type           Power      Damage    Failure   Level
a - Slow                  Hex            16%        N/A       34%         1

Your spell library contained the following spells:

 Spells                   Type           Power      Damage    Failure   Level
 Inner Flame              Hex/Fire       2%         N/A       83%         3
 Portal Projectile        Hex/Tloc       4%         N/A       83%         3
 Cause Fear               Hex            2%         N/A       98%         4

Inventory:

Hand Weapons
 Y - a +1 sling (weapon)
Armour
 b - a +0 pair of boots
 j - a +0 ring mail (worn)
Jewellery
 e - a ring of positive energy
Scrolls
 a - 2 scrolls of identify
 d - a scroll of vulnerability {unknown}
 f - a scroll of brand weapon {unknown}
 g - a scroll of fear {unknown}
 h - a scroll of teleportation
Potions
 c - 2 potions of haste {unknown}
 i - a potion of resistance

Dungeon Overview and Level Annotations

Branches:
Dungeon (3/15)

Altars:
Kikubaaqudgha


Message History

The sling bullet hits the goblin but does no damage.
You shoot a sling bullet. The sling bullet hits the goblin.
The goblin is moderately wounded.
You shoot a sling bullet. The sling bullet hits the goblin.
The goblin is severely wounded.
You shoot a sling bullet. The sling bullet hits the goblin.
You kill the goblin!
Things that are here:
a +0 dagger; a goblin corpse
c - 2 amethyst potions (gained 1)
You now have 127 gold pieces (gained 6).
You now have 138 gold pieces (gained 11).
An ogre comes into view. It is wielding a +0 giant club.
The ogre shouts!
Enter note:
Enter note:
Enter note:
Enter note:
Enter note:
Enter note:
Enter note:
Enter note:
Enter note: You shoot a sling bullet.
The sling bullet hits the ogre.
The ogre is lightly wounded.
You shoot a sling bullet. The sling bullet hits the ogre.
The ogre is moderately wounded.
You shoot a sling bullet. The sling bullet hits the ogre.
The ogre is heavily wounded.
You shoot a sling bullet. The sling bullet hits the ogre.
The ogre is heavily wounded.
You shoot a sling bullet. The sling bullet hits the ogre.
The ogre is severely wounded.
The ogre hits you with a +0 giant club!!
Ouch! That really hurt!
You shoot a sling bullet.
The sling bullet barely misses the ogre.
The ogre hits you with a +0 giant club!!
Ouch! That really hurt!
You die...

####### ###
#.....###.##
#..........##
#..##.#.....#
######..##.##...##
#.......##........
#@#####.######.###
#O# #.# #.# #.#
#.######.## #.#
#.........## #.#
#####.....# #.#
##....... #$#
#..%..... #..
+........
#........


You could see an ogre.

Vanquished Creatures
  An adder (D:2)
  A worm (D:2)
  A dart slug (D:1)
  3 orcs (D:3)
  9 endoplasms
  A giant cockroach (D:1)
  5 goblins
  5 hobgoblins
  3 jackals (D:1)
  3 quokkas
  6 ball pythons
  5 bats
  7 frilled lizards
  8 kobolds
  3 rats
61 creatures vanquished.

Notes
Turn   | Place    | Note
-------+----------+-------------------------------------------
     0 | D:1      | qw the Minotaur Hexslinger began the quest for the Orb.
     0 | D:1      | Reached XP level 1. HP: 16/16 MP: 1/1
     0 | D:1      | 0 ||| qw: Version: 0.3-a-52-g30416fa
     0 | D:1      | 0 ||| qw: Game counter: 7861
     0 | D:1      | 0 ||| qw: Melee chars always use a shield: true
     0 | D:1      | 0 ||| qw: God list: Okawaru
     0 | D:1      | 0 ||| qw: Allow faded altars: false
     0 | D:1      | 0 ||| qw: Do Orc after clearing Dungeon:15 true
     0 | D:1      | 0 ||| qw: Do second Lair branch before Depths: true
     0 | D:1      | 0 ||| qw: Lair rune preference: random
     0 | D:1      | 0 ||| qw: Goals: Normal
     0 | D:1      | 0 ||| PLANNING D:1-11
    45 | D:1      | Reached skill level 3 in Ranged Weapons
    66 | D:1      | Reached XP level 2. HP: 23/23 MP: 2/2
   430 | D:1      | Reached XP level 3. HP: 29/29 MP: 3/3
   933 | D:1      | 933 ||| READING 2 scrolls labelled WOHOHI KOUFUM.
   934 | D:1      | 934 ||| READING scroll labelled XEROFU ROSOAT.
   935 | D:1      | 935 ||| READING scroll labelled YFEAS VAURAF.
   936 | D:1      | 936 ||| READING scroll labelled IDOUFFUTU.
   937 | D:1      | 937 ||| READING scroll labelled EFRIJI HIHEYSAET.
   938 | D:1      | 938 ||| READING scroll labelled CIWIPR ZIJUNOX.
   942 | D:1      | 942 ||| DRINKING 2 glowing clear potions.
   943 | D:1      | 943 ||| DROPPING scroll of poison.
   991 | D:2      | Found an ancient bone altar of Kikubaaqudgha.
  1010 | D:2      | Reached skill level 4 in Ranged Weapons
  1376 | D:2      | Reached XP level 4. HP: 36/36 MP: 4/4
  1625 | D:2      | 1625 ||| UPGRADING to +0 leather armour.
  1635 | D:2      | 1635 ||| DROPPING +0 robe.
  1636 | D:2      | 1636 ||| UPGRADING to +0 ring mail.
  1646 | D:2      | 1646 ||| DROPPING +0 leather armour.
  1647 | D:2      | 1647 ||| READING scroll labelled DAN QENALEUNA.
  1648 | D:2      | 1648 ||| READING scroll labelled UKICAPTUPS.
  1649 | D:2      | 1649 ||| DRINKING 2 purple potions.
  1650 | D:2      | 1650 ||| READING 3 scrolls of identify.
  1650 | D:2      | 1650 ||| IDENTIFYING dark potion
  1651 | D:2      | 1651 ||| READING 2 scrolls of identify.
  1651 | D:2      | 1651 ||| IDENTIFYING bubbling yellow potion
  1652 | D:2      | 1652 ||| DROPPING potion of degeneration.
  1653 | D:2      | 1653 ||| DROPPING potion of attraction.
  1979 | D:3      | Identified the +0 chain mail "Kaewojua" {rElec rCorr}
  1984 | D:3      | HP: 8/36 [orc priest/divine providence (13)]
  1985 | D:3      | 1985 ||| READING scroll of teleportation.
  1986 | D:3      | 1986 ||| DRINKING potion of heal wounds.
  1988 | D:3      | Reached skill level 1 in Armour
  2114 | D:3      | Noticed an ogre
  2120 | D:3      | Slain by an ogre

Levels and vault maps discovered:
D:1:      scummos_arrival_hexagon, layout_basic, minmay_heptomino_o4
D:2:      layout_loops_ring, basic_altar, minmay_split_cup_small
D:3:      layout_loops_corners, nicolae_overflow_hallway_of_the_gods,
          biasface_ghost_orc_armoury, moated_statue

Skill      XL: |  1  2  3  4 |
---------------+-------------+-----
Ranged Weapons | 3 4 |  4.6
Fighting       | 2 |  2.0
Armour         | 1 |  1.0
Dodging        | |  2.1
Spellcasting   | |  1.0
Hexes          | |  2.0

Action                     |  1- 3 |  4- 6 || total
---------------------------+-------+-------++-------
   Fire: Sling             |   151 |    34 ||   185
    Use: Scroll            |     6 |     5 ||    11
         Potion            |     1 |     2 ||     3
 Armour: Robe              |    10 |       ||    10
         Ring mail         |       |     3 ||     3
  Dodge: Dodged            |    38 |     7 ||    45

Table legend:
 A = Non-vault XP
 B = Vault XP
 C = Vault XP percentage of total XP
 D = Non-vault monster count
 E = Vault monster count
 F = Vault count percentage of total count
                 A         B        C        D         E       F
            +---------+---------+-------+---------+---------+-------
      Total |     109 |      12 |   9.9 |      54 |       7 |  11.5
            +---------+---------+-------+---------+---------+-------
        D:1 |      55 |       6 |   9.8 |      32 |       4 |  11.1
        D:2 |      32 |       6 |  15.8 |      11 |       3 |  21.4
        D:3 |      22 |       0 |   0.0 |      11 |       0 |   0.0
            +---------+---------+-------+---------+---------+-------
